 Dungeon Crawl Stone Soup version 0.29.1-15-g9cfb28693d (webtiles) character file.

Game seed: 15644917312100373601

7451 Peloso the Carver (level 10, -1/88 HPs)
             Began as a Minotaur Fighter on Apr 23, 2023.
             Was an Elder of Okawaru.
             Shot with a bolt by a yaktaur (25 damage)
             ... on level 11 of the Dungeon.
             The game lasted 00:20:16 (12118 turns).

Peloso the Carver (Minotaur Fighter)               Turns: 12118, Time: 00:20:16

Health: -1/88      AC: 18    Str: 23    XL:     10   Next: 93%
Magic:  10/10      EV:  6    Int:  5    God:    Okawaru [****..]
Gold:   813        SH: 11    Dex: 12    Spells: 9/9 levels left

rFire   . . .      SeeInvis .   a - +0 long sword
rCold   . . .      Faith    .   d - +0 kite shield
rNeg    . . .      Spirit   .   v - +0 plate armour
rPois   +          Reflect  .   K - +1 hat
rElec   .          Harm     .   c - +0 cloak
rCorr   .          Rampage  .   (no gloves)
Will    .....                   C - +0 pair of boots
Stlth   ..........              (no amulet)
HPRegen 0.24/turn               q - ring of poison resistance
MPRegen 0.12/turn               w - ring of flight

@: flying
A: horns 2, retaliatory headbutt
a: Renounce Religion, Heroism, Finesse


You were on level 11 of the Dungeon.
You worshipped Okawaru.
Okawaru was greatly pleased with you.
You visited 2 branches of the dungeon, and saw 12 of its levels.

You collected 813 gold pieces.

Inventory:

Hand Weapons
 a - a +0 long sword (weapon)
Missiles
 E - a throwing net (quivered)
Armour
 b - a +1 chain mail of willpower
 c - a +0 cloak (worn)
 d - a +0 kite shield (worn)
 v - a +0 plate armour (worn)
 C - a +0 pair of boots (worn)
 K - a +1 hat (worn)
Jewellery
 o - a ring of wizardry
 q - a ring of poison resistance (left hand)
 w - a ring of flight (right hand)
 x - an amulet of the acrobat
 I - a ring of protection from cold
Wands
 s - a wand of iceblast (34)
 y - a wand of flame (39)
Scrolls
 f - a scroll of fear
 h - 2 scrolls of fog
 j - 2 scrolls of noise
 l - 2 scrolls of poison
 n - 2 scrolls of amnesia {unknown}
 p - a scroll of blinking {unknown}
 r - 3 scrolls of magic mapping
 A - 2 scrolls of enchant weapon {unknown}
 B - 4 scrolls of teleportation {unknown}
 G - a scroll of immolation {unknown}
 H - a scroll of torment {unknown}
 M - a scroll of identify
Potions
 e - 2 potions of flight
 g - a potion of ambrosia
 i - 6 potions of haste
 k - 2 potions of invisibility
 m - 7 potions of curing
 t - 2 potions of might
 u - a potion of magic
 z - 3 potions of brilliance
 D - a potion of heal wounds {unknown}
 J - 2 potions of mutation
 L - 2 potions of cancellation {unknown}
Miscellaneous
 F - a box of beasts


   Skills:
 + Level 8.1 Fighting
 + Level 12.4 Long Blades
 + Level 10.7 Armour
 + Level 2.2 Dodging
 + Level 1.4 Stealth
 + Level 9.7 Shields
 + Level 1.9 Invocations
 + Level 1.5 Evocations


You had 9 spell levels left.
You didn't know any spells.
Your spell library contained the following spells:

 Spells                   Type           Power      Damage    Failure   Level
 Confusing Touch          Hex            0%         N/A       100%        3
 Stone Arrow              Conj/Erth      0%         3d7       100%        3
 Yara's Violent Unravell  Hex/Tmut       0%         3d3       100%        5
 Enfeeble                 Hex            0%         N/A       100%        7
 Lehudib's Crystal Spear  Conj/Erth      0%         10d2      100%        8
 Animate Armour           Summ/Erth      Unusable   N/A       N/A         4

Dungeon Overview and Level Annotations

Branches:
Dungeon (11/15)            Temple (1/1) D:4            Lair (0/5) D:8
    Orc (0/2) D:9

Altars:
Ashenzari
Cheibriados
Dithmenos
Elyvilon
Fedhas
Gozag
Hepliaklqana
Kikubaaqudgha
Makhleb
Nemelex Xobeh
Okawaru
Qazlal
Ru
Sif Muna
Trog
Uskayaw
Vehumet
Wu Jian
Xom
Yredelemnul
Zin
The Shining One

Shops:
D:5 [

Annotations:
D:7 Dig, 2 transporters, Gabide's ghost, novice DgFi


Innate Abilities, Weirdness & Mutations

You have a pair of horns on your head.
You reflexively headbutt those who attack you in melee.


Message History

The yaktaur hits you.
You hit the yaktaur. You headbutt the yaktaur.
The yaktaur is heavily wounded.
The yaktaur hits you.
You hit the yaktaur.
The yaktaur is heavily wounded.
The yaktaur hits you but does no damage.
You hit the yaktaur.
The yaktaur is heavily wounded.
You hit the yaktaur.
The yaktaur is heavily wounded.
The yaktaur barely misses you.
You hit the yaktaur but do no damage.
The yaktaur is heavily wounded.
The yaktaur hits you but does no damage.
You hit the yaktaur but do no damage.
The yaktaur is heavily wounded.
The yaktaur hits you!
You slash the yaktaur! You headbutt the yaktaur!
You kill the yaktaur!
Okawaru is honoured by your kill.
You feel like a meek peon again.
The yaktaur wields a +0 arbalest.
The yaktaur shoots a bolt.
The bolt barely misses you.
Found a smoking ring mail.
The yaktaur unwields a +0 arbalest.
You block the yaktaur's attack.
Things that are here:
a +0 arbalest; a +0 arbalest The yaktaur attacks as you move away!
The yaktaur hits you!
The yaktaur wields a +0 arbalest.
The yaktaur shoots a bolt.
You block the bolt.
The yaktaur shoots a bolt.
The bolt hits you.
The yaktaur unwields a +0 arbalest.
The yaktaur hits you.
Things that are here:
a +0 arbalest; a +0 arbalest The yaktaur shoots a bolt.
The bolt hits you!
* * * LOW HITPOINT WARNING * * *
Okay, then.
The yaktaur shoots a bolt.
The bolt hits you!!
You die...

#..#......[.
#.cc....... #
#........... #.
##)####.... #.# ##c#
.. #.# ##.## ..
#.###.#####. #.#.##
#.. #.@## #.#
###.######<######
#.###...............#
#.......###..#.###.#.#
#####.#####........#
#.##.........#.#
#.##.##..#.......
#.##.##..#.....##
#..............#


You could see a yaktaur.

Vanquished Creatures
  A two-headed ogre (D:9)
  A gargoyle (D:10)
  An unseen horror (D:10)
  A komodo dragon (D:10)
  2 yaktaurs (D:11)
  2 trolls
  A wraith (D:6)
  A spriggan (D:9)
  A wyvern (D:10)
  A shadow (D:9)
  A steam dragon (D:8)
  An acid dragon (D:9)
  4 water moccasins
  2 black bears
  An ogre (D:6)
  2 orc warriors
  A sky beast (D:6)
  2 phantoms
  A centaur (D:6)
  6 kobold brigands
  2 bullfrogs
  2 gnoll sergeants
  2 scorpions
  12 wights
  9 killer bees
  5 howler monkeys
  9 orc priests
  2 hounds (D:6)
  2 jellies
  3 iguanas
  9 orc wizards
  12 adders
  7 gnolls
  3 shadow imps
  A white imp (D:6)
  An ufetubus (D:6)
  3 worms
  54 orcs
  12 endoplasms
  5 giant cockroaches
  8 goblins
  13 hobgoblins
  2 jackals (D:4)
  25 kobolds
  8 ball pythons
  11 bats
  7 frilled lizards
  6 rats
268 creatures vanquished.

Vanquished Creatures (others)
  A wight (D:8)
  6 fungi (D:7)
  2 plants (D:4)
  3 toadstools (D:7)
12 creatures vanquished.

Grand Total: 280 creatures vanquished

Notes
Turn   | Place    | Note
-------+----------+-------------------------------------------
     0 | D:1      | Peloso the Minotaur Fighter began the quest for the Orb.
     0 | D:1      | Reached XP level 1. HP: 19/19 MP: 0/0
    90 | D:1      | Reached XP level 2. HP: 25/27 MP: 1/1
   788 | D:2      | Reached skill level 3 in Long Blades
   788 | D:2      | Reached XP level 3. HP: 33/33 MP: 2/2
   958 | D:2      | Found a blossoming altar of Fedhas.
  1234 | D:2      | Reached XP level 4. HP: 35/41 MP: 3/3
  1427 | D:2      | Found a faded altar of an unknown god.
  1686 | D:3      | Found a shimmering altar of Xom.
  2038 | D:3      | Found a bloodstained altar of Trog.
  2139 | D:3      | Reached skill level 4 in Long Blades
  2362 | D:4      | Reached XP level 5. HP: 43/47 MP: 4/4
  2448 | D:4      | Found a staircase to the Ecumenical Temple.
  2448 | D:4      | Noticed a phantom
  2473 | Temple   | Entered the Ecumenical Temple
  2474 | Temple   | Killed a phantom
  2475 | Temple   | Reached skill level 5 in Armour
  2475 | Temple   | Reached skill level 1 in Dodging
  2922 | D:4      | Reached XP level 6. HP: 41/55 MP: 5/5
  3124 | D:4      | Reached skill level 5 in Long Blades
  3172 | D:4      | Reached skill level 5 in Fighting
  3633 | D:5      | Entered Level 5 of the Dungeon
  3792 | D:5      | Noticed a water moccasin
  3815 | D:5      | Killed a water moccasin
  3816 | D:5      | Reached XP level 7. HP: 13/61 MP: 6/6
  4069 | D:5      | Found Keonaton's Antique Armour Shop.
  4120 | D:5      | Found a shimmering blue altar of Sif Muna.
  4131 | D:5      | Found an ancient bone altar of Kikubaaqudgha.
  4451 | D:4      | Reached skill level 6 in Long Blades
  4803 | D:5      | Found a sparkling altar of Nemelex Xobeh.
  4925 | D:6      | Found an iron altar of Okawaru.
  4933 | D:6      | Became a worshipper of Warmaster Okawaru
  5107 | D:6      | Reached skill level 7 in Long Blades
  5356 | D:6      | Noticed a troll
  5365 | D:6      | Killed a troll
  5366 | D:6      | Reached skill level 5 in Shields
  5366 | D:6      | Reached XP level 8. HP: 63/70 MP: 7/7
  5480 | D:6      | Reached * piety under Okawaru
  5497 | D:6      | Reached skill level 8 in Long Blades
  5704 | D:6      | Reached skill level 1 in Stealth
  5860 | D:6      | Reached skill level 9 in Long Blades
  6222 | D:6      | Reached ** piety under Okawaru
  6612 | D:7      | Reached XP level 9. HP: 70/75 MP: 8/8
  7077 | D:7      | Found a transporter.
  7077 | D:7      | Noticed Gabide's ghost (novice DgFi)
  7143 | D:7      | Found a transporter.
  7156 | D:7      | Found a burning altar of Makhleb.
  7368 | D:7      | Reached skill level 10 in Long Blades
  7528 | D:8      | Reached skill level 1 in Invocations
  8033 | D:8      | Found a radiant altar of Vehumet.
  8070 | D:8      | Identified the +3 bardiche of the Shimmering Gnat {vorpal,
                  | Str+3}
  8175 | D:8      | Found a sacrificial altar of Ru.
  8321 | D:8      | Found a staircase to the Lair.
  8669 | D:9      | Reached *** piety under Okawaru
  8726 | D:9      | Reached skill level 11 in Long Blades
  9194 | D:9      | Reached XP level 10. HP: 31/86 MP: 6/9
  9687 | D:9      | Found a stormy altar of Qazlal.
  9687 | D:9      | Noticed a two-headed ogre
  9695 | D:9      | Killed a two-headed ogre
  9696 | D:9      | Reached skill level 1 in Evocations
 10000 | D:9      | Found a staircase to the Orcish Mines.
 10372 | D:10     | Entered Level 10 of the Dungeon
 10646 | D:10     | Noticed a gargoyle
 10660 | D:10     | Killed a gargoyle
 10661 | D:10     | Reached skill level 12 in Long Blades
 10661 | D:10     | Reached skill level 10 in Armour
 11229 | D:10     | Reached **** piety under Okawaru
 12118 | D:11     | Shot with a bolt by a yaktaur

Illustrated notes

Levels and vault maps discovered:
D:1:      heliophobic_arrival_ceremonial_halls, layout_basic,
          wander_ebering_terrifying_dragon_lair
D:2:      layout_rooms, shapermc_ecumenical_altar_venn, basic_altar
D:3:      layout_loops_ring, general_overflow_altar,
          mainiacjoe_overflow_small_starburst
D:4:      layout_loops_cross, minmay_temple_entry_glass, serial_forest,
          infiniplex_forest_lined_2, infiniplex_forest_clump_small,
          infiniplex_forest_side_room, infiniplex_forest_zigzag_1,
          infiniplex_forest_lined_room_2, infiniplex_forest_clump_curved,
          grunt_ministairs_10
D:5:      layout_basic, nicolae_overflow_crystal_walls, lemuel_crystal_altar,
          kennysheep_mini, serial_shops, nicolae_shop_crystal
D:6:      minmay_spotlight, layout_basic, okawaru_altar_gauntlet_db,
          minmay_statues_item
D:7:      layout_rooms, bloody_makhleb, gammafunk_ghost_smash, serial_glass,
          glass_columns_b, glass_columns_a, item_on_display_a, feat_on_display,
          due_unseen_surprise, feat_on_display, minmay_gold_behind_fungi
D:8:      layout_basic, nicolae_ru_awakened_eye, nicolae_vehumet_radiance,
          lair_entry_dummy
D:9:      layout_rooms, mainiacjoe_overflow_six_doors_small, hiddenorc2_lemuel,
          the_hattery
D:10:     layout_loops_corners
D:11:     layout_loops_cross, nicolae_sif_muna_condensation
Temple:   nicolae_temple_slightly_damp_pantheon

Skill      XL: |  1  2  3  4  5  6  7  8  9 10 |
---------------+-------------------------------+-----
Fighting       | 4 5 6 7 8 |  8.1
Armour         | 4 5 6 7 9 10 | 10.7
Long Blades    | 3 4 5 7 9 11 12 | 12.4
Shields        | 4 5 6 7 9 |  9.7
Dodging        | 1 2 |  2.2
Stealth        | 1 |  1.4
Invocations    | 1 |  1.9
Evocations     | 1 |  1.5

Action                   |  1- 3 |  4- 6 |  7- 9 | 10-12 || total
-------------------------+-------+-------+-------+-------++-------
Melee: Long sword        |    84 |   142 |   439 |   303 ||   968
       Headbutt          |     8 |    22 |    93 |    72 ||   195
Invok: Heroism           |       |       |     5 |    13 ||    18
Evoke: Wand              |       |       |     4 |     2 ||     6
  Use: Scroll            |       |     8 |     5 |     3 ||    16
       Potion            |       |       |     2 |       ||     2
 Stab: Invisible         |       |       |     1 |       ||     1
Armor: Scale mail        |    59 |    53 |       |       ||   112
       Plate armour      |       |    36 |   274 |   177 ||   487
Dodge: Dodged            |    53 |    61 |    88 |    57 ||   259
Block: Buckler           |    24 |    27 |     4 |       ||    55
       Kite shield       |       |       |   183 |   145 ||   328
